 Dungeon Crawl Stone Soup version 0.21.1-1-g345015fe64 (webtiles) character file.

778 Ivernyr the Shield-Bearer (level 7, 0/66 HPs)
             Began as a Deep Dwarf Fighter on Apr 5, 2018.
             Slain by al090's ghost (13 damage)
             ... on level 4 of the Dungeon.
             The game lasted 00:07:18 (2083 turns).

Ivernyr the Shield-Bearer (Deep Dwarf Fighter)      Turns: 2083, Time: 00:07:18

Health: 0/66       AC:  7    Str: 20    XL:     7   Next: 54%
Magic:  6/6        EV:  8    Int:  8    God:
Gold:   130        SH: 11    Dex: 14    Spells: 6/6 levels left

rFire    . . .     SeeInvis .   a - +0 war axe
rCold    . . .     Gourm    .   c - +0 shield
rNeg     . . .     Faith    .   b - +0 scale mail
rPois    .         Spirit   .   (no helmet)
rElec    .         Reflect  .   (no cloak)
rCorr    .         Harm     .   (no gloves)
MR       +....     Rnd*Tele +   (no boots)
Stlth    ..........             (no amulet)
HPRegen  0.00/turn              r - ring of teleportation (curse)
MPRegen  0.10/turn              (no ring)

@: non-regenerating
A: damage resistance, heal wounds, sense surroundings 1, no regeneration
a: Heal Wounds


You were on level 4 of the Dungeon.
You were not hungry.

You visited 1 branch of the dungeon, and saw 4 of its levels.

You collected 130 gold pieces.

Inventory:

Hand Weapons
 a - a +0 war axe (weapon)
Armour
 b - a +0 scale mail (worn)
 c - a +0 shield (worn)
Jewellery
 r - a cursed ring of teleportation (left hand)
Wands
 o - a wand of disintegration (3)
Scrolls
 e - a scroll of enchant armour {unknown}
 h - 5 scrolls of identify {unknown}
 i - 2 scrolls of remove curse {unknown}
 m - a scroll of amnesia {unknown}
 p - a scroll of enchant weapon {unknown}
Potions
 d - a potion of might
 g - a potion of heal wounds {unknown}
 j - a potion of lignification {unknown}
 k - 2 potions of curing {unknown}
 l - a potion of berserk rage {unknown}
 n - 2 potions of invisibility {unknown}
 q - 2 potions of mutation {unknown}
Comestibles
 f - 6 rations
 s - 2 chunks of flesh


   Skills:
 + Level 4.3 Fighting
 + Level 4.6 Axes
 + Level 5.2 Armour
 * Level 6.7 Shields


You had 6 spell levels left.
You didn't know any spells.

Dungeon Overview and Level Annotations

Branches:
Dungeon (4/15)
 Temple: D:4-7

Altars:

Annotations:
D:4 al090's ghost, amateur GnSk


Innate Abilities, Weirdness & Mutations

You are resistant to damage.
You can heal yourself by infusing magical energy.
You passively map a small area around you.
You do not regenerate.


Message History

Al090's ghost closely misses you.
You miss al090's ghost.
Al090's ghost is moderately damaged.
You block al090's ghost's attack. x2
You hit al090's ghost.
Al090's ghost is moderately damaged.
Al090's ghost barely misses you.
You miss al090's ghost.
Al090's ghost is moderately damaged.
Al090's ghost is no longer regenerating.
Al090's ghost gestures wildly while chanting.
Al090's ghost's wounds begin to heal before your eyes!
Your scale mail prevents you from hitting al090's ghost.
Al090's ghost is moderately damaged.
Al090's ghost completely misses you. Al090's ghost hits you!
* * * LOW HITPOINT WARNING * * *
You slash al090's ghost!
Al090's ghost is heavily damaged.
Al090's ghost hits you!
You die...

....... .... ,
....... ..., , *
.......##..
#..p....#.# , *
#.......#.#* , , .
* , .......<#.#*,
... ,
..$......†####....
*
.........W........
.......#..@.......
,, ,
.....p###..#......
,,......* ##..
..... ...... ,....
..$. , ......
*##... ... * , ...
#... .. .(.. . **
..... , *


You could see al090's ghost and a neutral freed slave (wandering).

Vanquished Creatures
  Pikel (D:3)
  A howler monkey (D:3)
  3 orc wizards (D:3)
  4 gnolls (D:2)
  6 adders
  An ooze (D:2)
  A dart slug (D:1)
  2 leopard geckos (D:1)
  6 orcs (D:3)
  9 giant cockroaches
  6 goblins
  8 hobgoblins
  A quokka (D:3)
  3 ball pythons
  6 bats
  2 frilled lizards
  11 kobolds
  14 rats
85 creatures vanquished.

Notes
Turn   | Place    | Note
-------+----------+-------------------------------------------
     0 | D:1      | Ivernyr the Deep Dwarf Fighter began the quest for the Orb.
     0 | D:1      | Reached XP level 1. HP: 20/20 MP: 1/1
    77 | D:1      | Reached XP level 2. HP: 22/27 MP: 2/2
   257 | D:1      | Reached XP level 3. HP: 23/33 MP: 3/3
   435 | D:1      | Reached skill level 4 in Shields
   624 | D:2      | Reached XP level 4. HP: 18/42 MP: 4/4
  1146 | D:3      | Reached XP level 5. HP: 36/49 MP: 5/5
  1237 | D:3      | Reached skill level 5 in Shields
  1481 | D:3      | Found a faded altar of an unknown god.
  1768 | D:3      | Reached XP level 6. HP: 23/56 MP: 6/6
  1936 | D:4      | Noticed Pikel
  1936 | D:4      | Noticed a slave
  1941 | D:4      | Noticed a slave
  1941 | D:4      | Noticed a slave
  1942 | D:4      | Noticed a slave
  1942 | D:4      | Noticed al090's ghost (amateur GnSk)
  1979 | D:3      | Killed Pikel
  1979 | D:3      | Reached skill level 5 in Armour
  1979 | D:3      | Reached skill level 6 in Shields
  1979 | D:3      | Reached XP level 7. HP: 5/66 MP: 6/6
  2083 | D:4      | Slain by al090's ghost

Skill      XL: |  1  2  3  4  5  6 |
---------------+-------------------+-----
Fighting       | 3 4 |  4.3
Shields        | 4 5 6 |  6.7
Axes           | 3 4 |  4.6
Armour         | 4 5 |  5.2

Action                   |  1- 3 |  4- 6 |  7- 9 || total
-------------------------+-------+-------+-------++-------
Melee: War axe           |    96 |   177 |    16 ||   289
 Abil: Heal Wounds       |       |     4 |     2 ||     6
  Eat: Chunk             |       |     4 |     1 ||     5
Armor: Scale mail        |    42 |    63 |     4 ||   109
Dodge: Dodged            |    41 |    35 |     5 ||    81
Block: Shield            |    69 |    86 |     8 ||   163
